 Dungeon Crawl Stone Soup version 0.31-a0-851-g7ff8af7976 (webtiles) character file.

Game seed: 3700795957085814708

728 Flugkiller the Martial Artist (level 7, -5/47 HPs)
             Began as an Octopode Shapeshifter on Oct 6, 2023.
             Slain by Blork the orc
             ... wielding a +0 battleaxe
              (17 damage)
             ... on level 5 of the Dungeon.
             The game lasted 00:08:03 (3977 turns).

Flugkiller the Martial Artist (OpSh)                Turns: 3977, Time: 00:08:04

Health: -5/47      AC:  3    Str: 13    XL:     7   Next: 72%
Magic:  7/7        EV: 13    Int: 13    God:
Gold:   261        SH:  0    Dex: 13    Spells: 6/6 levels left

rFire   . .          .
                       - Unarmed
rCold   . . .        (no shield)
rNeg    . . .        (helmet currently unavailable)
rPois   .            (no amulet)
rElec   .            (no ring)
rCorr   .            (no ring)
SInv    .            (no ring)
Will    .....        (no ring)
Stlth   ++           (no ring)
HPRegen 0.27/turn    (no ring)
MPRegen 0.10/turn    (no ring)
                     (no ring)

%: no passive effects
@: beast-form
A: beast (slay +1), almost no armour, amphibious, 8 rings, camouflage 1,
gelatinous body 1, (nimble swimmer 1), tentacles, iridescent scales 1
a: Begin Untransformation


You were on level 5 of the Dungeon.
You were a hulking beast.
You visited 1 branch of the dungeon, and saw 5 of its levels.
You also visited: Sewer.

You collected 261 gold pieces.

Inventory:

Armour
 a - a +0 buckler
   (You found it on level 2 of the Dungeon)
Jewellery
 o - a ring of fire
   (You found it on level 2 of the Dungeon)
 p - a ring of flight
   (You found it on level 2 of the Dungeon)
Talismans
 b - a beast talisman (active)
 c - a flux talisman
Scrolls
 e - a scroll of immolation {unknown}
 f - a scroll of vulnerability
 g - 3 scrolls of poison
 h - a scroll of fear {unknown}
 i - a scroll of amnesia
 k - a scroll of silence {unknown}
 l - a scroll of enchant weapon
 q - a scroll of revelation {unknown}
 r - a scroll of identify
 s - a scroll of enchant armour {unknown}
 t - a scroll of teleportation
 v - a scroll of blinking {unknown}
Potions
 d - a potion of might
 j - a potion of magic {unknown}
 m - a potion of heal wounds {unknown}
 n - a potion of invisibility
 u - 5 potions of enlightenment


   Skills:
 + Level 3.8 Fighting
 - Level 2.0 Dodging
 - Level 8.0 Unarmed Combat
 - Level 3.0 Shapeshifting


You had 6 spell levels left.
You didn't know any spells.
Your spell library contained the following spells:

 Spells                   Type           Power      Damage    Failure   Level
 Summon Guardian Golem    Hex/Summ       0%         N/A       67%         3
 Orb of Destruction       Conj           0%         9d5       100%        7
 Spellforged Servitor     Conj/Summ      0%         N/A       100%        7


Dungeon Overview and Level Annotations

Branches:
Dungeon (5/15) Zot: 26434   Sewer (visited)
 Temple: D:4-7

Altars:

Annotations:
D:4 exclusion: black bear
D:5 Blork the orc


Innate Abilities, Weirdness & Mutations

You are a hulking beast.
Your limbs bulge with bestial killing power. (Slay +1)
You cannot wear most types of armour.
You are amphibious.
You can wear up to eight rings at the same time.
Your skin changes colour to match your surroundings (Stealth+).
Your rubbery body absorbs attacks. (AC +1, EV +1)
((You are camouflaged when in or above water. (Stealth+)))
You have tentacles for arms and can constrict up to eight enemies at once.
You are partially covered in iridescent scales. (AC +2)


Message History

a jackal corpse; a jackal corpse
u - a potion of enlightenment
u - 2 potions of enlightenment (gained 1)
u - 4 potions of enlightenment (gained 2)
u - 5 potions of enlightenment (gained 1)
You enter the shallow water.
You enter the shallow water.
Done exploring.
Done exploring.
Done exploring.
You enter the shallow water.
There is a gate leading back out of this place here.
Welcome back to the Dungeon!
There is a collapsed entrance here.
Okay, then.
Okay, then.
Unknown command.
You enter the shallow water.
You see here a rat skeleton.
You enter the shallow water.
You enter the shallow water.
You see here a rat skeleton.
You enter the shallow water.
You see here an adder skeleton.
You enter the shallow water.
You see here an adder skeleton.
You enter the shallow water.
You enter the shallow water.
There is an open door here.
An adder comes into view.
An adder is nearby!
An adder is nearby!
Found a scroll of identify.
The helpless adder fails to defend itself.
You bludgeon the adder!
You kill the adder!
No target in view!
Unknown command.
No target in view!
No target in view!
Blork the orc comes into view.
He is wielding a +0 battleaxe.
An adder comes into view.
The adder hisses angrily.
You see here a scroll of identify.
r - a scroll of identify;
v - a scroll labelled ZURERCH PIHUA Blork the orc screams, "I'm going to kill you!"
The adder barely misses you. The adder bites you.
You are poisoned.
The adder poisons you!
You tentacle-slap the adder. Your grab misses the adder. You squeeze the adder.
The adder is heavily wounded.
You feel sick.
Blork the orc frowns.
The adder completely misses you.
You miss the adder. You grab the adder.
The adder is heavily wounded.
You constrict the adder.
You feel sick. The adder barely misses you.
You release your grip on the adder.
You feel sick. The adder attacks as it pursues you! The adder misses you.
You miss the adder. Your grab misses the adder. You squeeze the adder.
The adder is almost dead.
You feel sick. The adder bites you but does no damage.
You tentacle-slap the adder.
You kill the adder!
You feel sick.
You tentacle-slap Blork the orc. You grab Blork the orc.
Blork the orc is lightly wounded.
You constrict Blork the orc, but do no damage.
You feel sick. Blork the orc barely misses you.
You barely miss Blork the orc.
Blork the orc is lightly wounded.
You constrict Blork the orc.
You tentacle-slap Blork the orc but do no damage.
Blork the orc is lightly wounded.
You constrict Blork the orc.
You feel sick.
You are no longer poisoned.
Blork the orc hits you with a +0 battleaxe!!
You are too injured to fight recklessly!
You tentacle-slap Blork the orc but do no damage.
Blork the orc is moderately wounded.
You constrict Blork the orc.
Blork the orc casts a cantrip, but nothing happens.
You completely miss Blork the orc.
Blork the orc is moderately wounded.
You constrict Blork the orc.
Blork the orc hits you with a +0 battleaxe!
* * * LOW HITPOINT WARNING * * *
Okay, then.
Okay, then.
Okay, then.
Unknown command.
Okay, then.
Okay, then.
Unknown command.
Unknown command.
You tentacle-slap Blork the orc. You squeeze Blork the orc!
Blork the orc is severely wounded.
You constrict Blork the orc.
Blork the orc hits you with a +0 battleaxe!
You die...

#.# ### #.# #..
# #.# #.# ## .#
#.# #.###.## ...
#.###.##.#.##...
#..............o
#####.##.#.##..
#.###.###..#
#.ho.......#
##########.#


You could see Blork the orc.

Vanquished Creatures
  Prince Ribbit (D:5)
  A scorpion (D:5)
  A howler monkey (D:5)
  2 hounds
  Jessica (D:3)
  An iguana (D:4)
  Robin (D:2)
  13 adders
  5 river rats (Sewer)
  2 worms
  2 dart slugs
  4 orcs (D:3)
  11 bats
  8 endoplasms
  5 giant cockroaches
  13 goblins
  14 hobgoblins
  16 jackals
  10 kobolds
  7 quokkas
  10 ball pythons
  12 frilled lizards
  9 rats
149 creatures vanquished.

Notes
Turn   | Place    | Note
-------+----------+-------------------------------------------
     0 | D:1      | Flugkiller the Octopode Shapeshifter began the quest for
                  | the Orb.
     0 | D:1      | Reached XP level 1. HP: 13/13 MP: 1/1
    33 | D:1      | Reached XP level 2. HP: 18/18 MP: 2/2
   309 | D:1      | Reached skill level 4 in Unarmed Combat
   351 | D:1      | Reached XP level 3. HP: 20/23 MP: 3/3
  1156 | D:2      | Noticed Robin
  1170 | D:2      | Reached XP level 4. HP: 25/28 MP: 4/4
  1190 | D:2      | Gained mutation: You are partially covered in iridescent
                  | scales. (AC +2) [potion of mutation]
  1235 | D:2      | Killed Robin
  1236 | D:2      | Reached skill level 5 in Unarmed Combat
  1871 | D:3      | Reached XP level 5. HP: 32/33 MP: 5/5
  1960 | D:3      | Noticed Jessica
  1964 | D:3      | Killed Jessica
  2068 | D:3      | Reached skill level 6 in Unarmed Combat
  2494 | D:4      | Reached XP level 6. HP: 38/38 MP: 6/6
  2523 | D:4      | Noticed a black bear
  2806 | D:5      | Entered Level 5 of the Dungeon
  2816 | D:5      | Reached skill level 7 in Unarmed Combat
  2890 | D:5      | Noticed a black bear
  3049 | D:5      | Noticed Prince Ribbit
  3075 | D:5      | Killed Prince Ribbit
  3076 | D:5      | Reached skill level 8 in Unarmed Combat
  3076 | D:5      | Reached XP level 7. HP: 10/45 MP: 7/7
  3276 | D:5      | Found a glowing drain.
  3280 | Sewer    | Entered a sewer
  3959 | D:5      | Noticed Blork the orc
  3977 | D:5      | Slain by Blork the orc

Illustrated notes

Levels and vault maps discovered:
D:1:      minmay_arrival_open_corners, layout_loops_ring, minmay_pentomino_r4
D:2:      layout_loops_ring, roderic_roman_lattice, kennysheep_big_empty_room,
          minmay_stone_trees_small, chequers_serial_rivers_micro_a, uniq_robin
D:3:      layout_rooms, uniq_jessica
D:4:      layout_rooms
D:5:      layout_loops_corners, gup_sewer_entry_spiral, uniq_blork_the_orc,
          uniq_prince_ribbit1, uniq_sigmund

Skill      XL: |  1  2  3  4  5  6  7 |
---------------+----------------------+-----
Unarmed Combat | 4 5 6 8 |  8.0
Fighting       | 2 3 |  3.8
Dodging        | |  2.0
Shapeshifting  | |  3.0

Action                     |  1- 3 |  4- 6 |  7- 9 || total
---------------------------+-------+-------+-------++-------
  Melee: Unarmed           |    94 |   139 |    75 ||   308
         Constrict         |    24 |    28 |    18 ||    70
         Tentacles         |     9 |    20 |    15 ||    44
         Punch             |     4 |     3 |     3 ||    10
    Use: Potion            |       |    10 |       ||    10
         Scroll            |       |     6 |     1 ||     7
   Stab: Sleeping          |     6 |    10 |     9 ||    25
 Armour: Skin              |    40 |   101 |    34 ||   175
  Dodge: Dodged            |    59 |    70 |    34 ||   163

Table legend: (Time is in decaauts)
 A = Elapsed time spent in this place.
 B = Non-inter-level travel time spent in this place.
 C = Inter-level travel time spent in this place.
 D = Time resting spent in this place.
 E = Time spent auto-exploring this place.
 F = Levels seen in this place.
 G = Mean time per level.
                   A        B        C        D        E       F      G
               +--------+--------+--------+--------+--------+-----+--------+
         Total |   3939 |   3882 |     57 |    794 |   2010 |   6 |  656.5 |
       Dungeon |   3337 |   3280 |     57 |    606 |   1761 |   5 |  667.4 |
         Sewer |    601 |    601 |      0 |    188 |    249 |   1 |  601.0 |
               +--------+--------+--------+--------+--------+-----+--------+

Top non-repeatable levels by time:
     D:2: 925 daAuts
     D:1: 881 daAuts
     D:3: 604 daAuts
   Sewer: 601 daAuts
     D:5: 565 daAuts
     D:4: 360 daAuts
